 Dungeon Crawl Stone Soup version 0.32-a0-540-g866d13106e (webtiles) character file.

Game seed: 826690698303551036

3017 jasper the Nimble (level 9, 0/72 HPs)
             Began as a Merfolk Shapeshifter on Feb 28, 2024.
             Was an Initiate of Gozag.
             Slain by an orc warrior
             ... wielding a +1 war axe of freezing
              (3 damage)
             ... on level 8 of the Dungeon.
             The game lasted 00:08:55 (7780 turns).

jasper the Nimble (Merfolk Shapeshifter)            Turns: 7780, Time: 00:08:56

Health: 0/72       AC:  1    Str: 14    XL:     9   Next: 85%
Magic:  9/9        EV: 21    Int: 10    God:    Gozag
Gold:   952        SH:  0    Dex: 17    Spells: 8/8 levels left

rFire   . .          .
                       - Unarmed
rCold   . . .        (shield currently unavailable)
rNeg    . . .        h - melded +0 ring mail
rPois   .            (no helmet)
rElec   .            (no cloak)
rCorr   .            k - +0 pair of gloves
SInv    .            (no boots)
Will    .....        x - amulet of the acrobat
Stlth   +            (no ring)
HPRegen 0.32/turn    (no ring)
MPRegen 0.11/turn

%: acrobat
@: confused, about to teleport, flux-form, glowing
A: glow, contaminating, (nimble swimmer 2), mertail
a: Begin Untransformation, Renounce Religion, Potion Petition, Call Merchant,
Bribe Branch


You were on level 8 of the Dungeon.
You worshipped Gozag.
Gozag was pleased with you.
You were something dangerously unstable.
You visited 2 branches of the dungeon, and saw 9 of its levels.

You collected 1260 gold pieces.
You paid 308 gold pieces to Gozag.

Inventory:

Missiles
 g - 103 stones (quivered)
 j - 4 poisoned darts
 z - 5 curare-tipped darts
Armour
 a - a +0 animal skin
 h - a +0 ring mail (melded)
 k - a +0 pair of gloves (worn)
 q - the +1 chain mail of Foarph {rF- rC+++}
   (You found it on level 2 of the Dungeon)

   rF-:       It makes you vulnerable to fire.
   rC+++:     It renders you almost immune to cold.
Jewellery
 i - a ring of ice
 x - an amulet of the acrobat (around neck)
 A - a ring of protection from fire
Talismans
 c - a beast talisman
 d - a flux talisman (active)
 f - a maw talisman
 l - a blade talisman
Wands
 p - a wand of digging (7)
 w - a wand of flame (24)
Scrolls
 e - 4 scrolls of teleportation
 m - 4 scrolls of amnesia
 n - 3 scrolls of revelation
Potions
 b - a potion of might
 o - a potion of brilliance
 r - a potion of degeneration {unknown}
 s - a potion of ambrosia
 t - 2 potions of enlightenment
 u - 2 potions of attraction {unknown}
 v - 2 potions of berserk rage {unknown}


   Skills:
 + Level 7.3 Fighting
 + Level 9.2 Dodging
 + Level 8.0 Unarmed Combat
 + Level 9.0 Shapeshifting


You had 8 spell levels left.
You didn't know any spells.
Your spell library contained the following spells:

 Spells                   Type           Power      Damage    Failure   Level
 Kiss of Death            Conj/Necr      0%         2d5       36%         1
 Sandblast                Erth           0%         2d4       36%         1
 Call Canine Familiar     Summ           0%         N/A       75%         3
 Confusing Touch          Hex            0%         N/A       75%         3
 Passwall                 Erth           0%         N/A       75%         3
 Sigil of Binding         Hex            0%         N/A       75%         3
 Stone Arrow              Conj/Erth      0%         3d7       75%         3
 Brom's Barrelling Bould  Conj/Erth      0%         2d3       98%         4
 Dimensional Bullseye     Hex/Tloc       0%         N/A       98%         4
 Dispel Undead            Necr           0%         3d6       98%         4
 Passage of Golubria      Tloc           0%         N/A       98%         4
 Silence                  Hex/Air        0%         N/A       100%        5
 Lehudib's Crystal Spear  Conj/Erth      0%         10d2      100%        8


Dungeon Overview and Level Annotations

Branches:
Dungeon (8/15)             Temple (1/1) D:4
   Lair: D:8-11

Altars:
Ashenzari
Cheibriados
Dithmenos
Elyvilon
Fedhas
Gozag
Hepliaklqana
Kikubaaqudgha
Makhleb
Okawaru
Qazlal
Ru
Sif Muna
Trog
Uskayaw
Vehumet
Wu Jian
Xom
Yredelemnul
The Shining One

Annotations:
D:5 2 transporters
D:7 2 transporters, Maurice


Innate Abilities, Weirdness & Mutations

You are something dangerously unstable.
You glow with magical radiation, making you easy to see and hit.
Foes you strike become dangerously contaminated with magical radiation.
You are incapable of wielding weapons or throwing items.
((You are very nimble when in or above water. (Stealth+, EV+, Speed+++)))
Your lower body shifts to a powerful aquatic tail in water.


Message History

The orc warrior hits you with a +1 war axe of freezing!
The orc warrior freezes you. The orc wizard barely misses you.
You take 11 damage, and have 44/72 hp.
You hit the orc wizard.
The orc wizard glows dangerously bright.
The orc wizard is heavily wounded.
The orc wizard mumbles some strange words.
The orc wizard flickers and vanishes for a moment.
The orc wizard hits you with a +0 dagger.
The orc warrior hits you with a +1 war axe of freezing!
The orc warrior freezes you.
You take 16 damage, and have 28/72 hp.
MASSIVE DAMAGE!!
You hit the orc wizard but do no damage.
The orc wizard shudders as magic cascades through it.
The orc wizard twists and deforms.
The orc wizard is almost dead.
Okay, then.
As you read the scroll of teleportation, it crumbles to dust.
You feel strangely unstable.
The orc wizard stops glowing and disappears.
You hear some strange, mumbled words.
Deactivating autopickup; reactivate with Ctrl-A.
You are confused.
The orc wizard points at you and mumbles some strange words.
The puff of flame misses you. The orc warrior completely misses you.
You bump into the rock wall.
Something hits you.
The orc wizard hits you with a +0 dagger.
The orc warrior hits you with a +1 war axe of freezing!
* * * LOW HITPOINT WARNING * * *
The orc warrior freezes you.
* * * LOW HITPOINT WARNING * * *
You take 15 damage, and have 13/72 hp.
MASSIVE DAMAGE!!
You bump into the rock wall.
Something hits you.
* * * LOW HITPOINT WARNING * * *
The orc wizard misses you.
The orc warrior hits you with a +1 war axe of freezing!
* * * LOW HITPOINT WARNING * * *
The orc warrior freezes you.
You die...
Your body crumbles into a pile of gold.

+..#..'........###
. ## #####....##.#
..+._#).'.....##.#
..#..#..#..#..##.#
..#.....#..#..##..
###....|######.###
...........#..##
...#####...o.{# ##
#####p## #o#


oo# .... ..### #.. #.. #. You could see an orc warrior (contam), an orc wizard
(misshapen) and 2 orcs.

Vanquished Creatures
  5 yaks (D:4)
  A water moccasin (D:6)
  A sky beast (D:7)
  3 black bears
  4 ice beasts
  2 ogres
  2 bullfrogs
  2 scorpions
  5 killer bees (D:7)
  An electric eel (D:7)
  2 bombardier beetles
  2 orc priests (D:6)
  6 hounds
  A gnoll bouda (D:6)
  2 sleepcaps (D:6)
  An iguana (D:7)
  A mummy (D:4)
  17 gnolls
  11 adders
  2 shadow imps (D:6)
  2 white imps
  2 ufetubi (D:6)
  7 dart slugs
  5 orcs
  4 ball pythons
  10 endoplasms
  7 giant cockroaches
  4 goblins
  7 hobgoblins
  12 kobolds
  4 quokkas
  2 frilled lizards (D:2)
  7 rats
144 creatures vanquished.

Notes
Turn   | Place    | Note
-------+----------+-------------------------------------------
     0 | D:1      | jasper the Merfolk Shapeshifter began the quest for the
                  | Orb.
     0 | D:1      | Reached XP level 1. HP: 15/15 MP: 1/1
   228 | D:1      | Reached XP level 2. HP: 19/21 MP: 2/2
   655 | D:1      | Reached XP level 3. HP: 27/27 MP: 3/3
  1235 | D:2      | Found a faded altar of an unknown god.
  1253 | D:2      | Prayed at the altar of an unknown god.
  1253 | D:2      | Became a worshipper of Gozag Ym Sagoz the Greedy
  1577 | D:2      | Reached XP level 4. HP: 32/33 MP: 4/4
  1642 | D:2      | Identified the +1 chain mail of Foarph {rF- rC+++}
  2457 | D:3      | Reached XP level 5. HP: 34/39 MP: 5/5
  2689 | D:3      | Reached skill level 5 in Shapeshifting
  3196 | D:3      | Found an ancient bone altar of Kikubaaqudgha.
  3198 | D:3      | Found a blossoming altar of Fedhas.
  3242 | D:4      | Noticed an ice beast
  3251 | D:4      | Killed an ice beast
  3252 | D:4      | Reached XP level 6. HP: 47/47 MP: 6/6
  3443 | D:4      | Reached skill level 5 in Dodging
  3548 | D:4      | Found a staircase to the Ecumenical Temple.
  3590 | D:4      | Noticed a yak
  3590 | D:4      | Noticed a yak
  3590 | D:4      | Noticed a yak
  3603 | D:4      | Noticed a yak
  3605 | D:4      | Noticed a yak
  3620 | D:4      | Killed a yak
  3621 | D:4      | Reached skill level 5 in Unarmed Combat
  3621 | D:4      | Reached XP level 7. HP: 50/54 MP: 7/7
  3633 | D:4      | Killed a yak
  3646 | D:4      | Killed a yak
  3663 | D:4      | Killed a yak
  3664 | D:4      | Reached XP level 8. HP: 18/61 MP: 8/8
  3672 | D:4      | Killed a yak
  3673 | D:4      | Reached skill level 5 in Fighting
  4280 | D:5      | Entered Level 5 of the Dungeon
  4540 | Temple   | Entered the Ecumenical Temple
  5044 | D:5      | Found a transporter.
  5047 | D:5      | Found a white marble altar of Elyvilon.
  5047 | D:5      | Found a transporter.
  5133 | D:5      | Reached XP level 9. HP: 69/69 MP: 9/9
  5682 | D:6      | HP: 1/71 [orc priest/+0 short sword (7)]
  6134 | D:6      | Found a burning altar of Makhleb.
  6980 | D:7      | Noticed a troll
  6982 | D:7      | Noticed a boulder beetle
  7091 | D:7      | Found a broken altar of Ashenzari.
  7137 | D:7      | Noticed Maurice
  7447 | D:7      | Found a transporter.
  7463 | D:7      | Found a transporter.
  7750 | D:8      | Identified the staff "Puisicacoe" {+Blink Dex+6 SInv Conj}
  7752 | D:8      | Found a sacrificial altar of Ru.
  7780 | D:8      | HP: 3/72 [orc warrior/+1 war axe of freezing (8)]
  7780 | D:8      | Slain by an orc warrior

Illustrated notes

Levels and vault maps discovered:
D:1:      shiori_arrival_elements, layout_loops_corners,
          kennysheep_pointless_box, nicolae_concentric_dashed_squares_mild
D:2:      layout_loops_corners, hellmonk_ecumenical_altar_crossroads,
          minmay_fractal_squares_5
D:3:      layout_basic, grunt_temple_overflow_growth_and_decay
D:4:      layout_loops_ring, minmay_temple_entry_trees,
          gup_ossuary_entry_pyramid
D:5:      layout_basic, elyvilon_altar_4
D:6:      layout_basic, mainiacjoe_overflow_small_starburst
D:7:      gammafunk_the_bubble [the_bubble_gammafunk_crates], layout_cave_pods,
          ashenzari_conservatory_becter, chequers_serial_rivers_micro_c,
          water_maze_lemuel, uniq_maurice
D:8:      layout_loops_cross, hangedman_ru_absence, minmay_misc_feat_enclosed,
          nicolae_doodle_vault
Temple:   oiseaux_autumnal_temple

Skill      XL: |  1  2  3  4  5  6  7  8  9 |
---------------+----------------------------+-----
Dodging        | 3 4 5 6 7 9 |  9.2
Fighting       | 2 3 4 6 7 |  7.3
Unarmed Combat | 4 5 6 8 |  8.0
Shapeshifting  | 5 6 7 9 |  9.0

Action                     |  1- 3 |  4- 6 |  7- 9 || total
---------------------------+-------+-------+-------++-------
  Melee: Unarmed           |    96 |   145 |   343 ||   584
         Punch             |     2 |     3 |     6 ||    11
  Throw: Stone             |     3 |     1 |       ||     4
         Dart              |       |       |     1 ||     1
 Invoke: Potion Petition   |       |       |     1 ||     1
    Use: Scroll            |     5 |     4 |    11 ||    20
         Potion            |       |     4 |     6 ||    10
   Stab: Distracted        |     1 |     1 |     2 ||     4
 Armour: Animal skin       |     7 |       |       ||     7
         Ring mail         |    39 |    56 |    19 ||   114
         Skin              |       |    20 |   145 ||   165
  Dodge: Dodged            |    38 |    76 |   235 ||   349
   Form: Flux              |       |       |     1 ||     1

Table legend: (Time is in decaauts)
 A = Elapsed time spent in this place.
 B = Non-inter-level travel time spent in this place.
 C = Inter-level travel time spent in this place.
 D = Time resting spent in this place.
 E = Time spent auto-exploring this place.
 F = Levels seen in this place.
 G = Mean time per level.
                   A        B        C        D        E       F      G
               +--------+--------+--------+--------+--------+-----+--------+
         Total |   7696 |   7414 |    282 |    486 |   5543 |   9 |  855.1 |
       Dungeon |   7695 |   7413 |    282 |    486 |   5543 |   8 |  961.9 |
        Temple |      1 |      1 |      0 |      0 |      0 |   1 |    1.0 |
               +--------+--------+--------+--------+--------+-----+--------+

Top non-repeatable levels by time:
     D:6: 1464 daAuts
     D:2: 1237 daAuts
     D:4: 1192 daAuts
     D:1: 1137 daAuts
     D:3: 854 daAuts
     D:7: 830 daAuts
     D:5: 721 daAuts
     D:8: 256 daAuts
  Temple: 1 daAuts
